 Dungeon Crawl Stone Soup version 0.31-a0-859-g9dce7d3444 (webtiles) character file.

Game seed: 2627060327786462563

31075 pokeman the Eclecticist (level 13, -6/72 HPs)
             Began as a Deep Elf Hedge Wizard on Oct 8, 2023.
             Was an Elder of Vehumet.
             Mangled by a cyclops (17 damage)
             ... on level 13 of the Dungeon on Oct 9, 2023.
             The game lasted 00:52:30 (18086 turns).

pokeman the Eclecticist (Deep Elf Hedge Wizard)    Turns: 18086, Time: 00:52:31

Health: -6/72      AC:  6    Str: 10    XL:     13   Next: 24%
Magic:  28/39      EV: 17    Int: 25    God:    Vehumet [****..]
Gold:   852        SH:  5    Dex: 14    Spells: 39/52 levels left

rFire   + . .        j - +3 club (spect)
rCold   + . .        g - +0 buckler
rNeg    + . .        W - +0 leather armour of Objectivity {rPois rC+ rN+ Str+3}
rPois   +            Q - +2 hat {Will+}
rElec   .            w - scarf {repulsion}
rCorr   .            T - +0 pair of gloves
SInv    .            (no boots)
Will    ++...        Y - amulet of magic regeneration
Stlth   ++           h - +5 ring of evasion
HPRegen 0.32/turn    J - ring of protection from fire
MPRegen 0.66/turn

%: repel missiles
@: no status effects
A: no striking features
a: Renounce Religion


You were on level 13 of the Dungeon.
You worshipped Vehumet.
Vehumet was greatly pleased with you.
You visited 2 branches of the dungeon, and saw 15 of its levels.
You also visited: Sewer and Bailey.

You collected 892 gold pieces.
You spent 40 gold pieces at shops.

Inventory:

Hand Weapons
 j - a +3 spectral club (weapon)
 G - a +1 trident of venom
Missiles
 s - 3 throwing nets
 C - 5 curare-tipped darts
Armour
 g - a +0 buckler (worn)
 w - a scarf of repulsion (worn)
 Q - a +2 hat of willpower (worn)
 S - a +1 ring mail of cold resistance
 T - a +0 pair of gloves (worn)
 U - a +0 troll leather armour
 V - a +2 cloak
 W - the +0 leather armour of Objectivity (worn) {rPois rC+ rN+ Str+3}
   (You found it on level 13 of the Dungeon)

   Str+3:     It affects your strength (+3).
   rC+:       It protects you from cold.
   rPois:     It protects you from poison rN+: It protects you from negative
   energy.
 Z - +0 acid dragon scales
Jewellery
 h - a +5 ring of evasion (left hand)
 i - an amulet of regeneration
 y - an amulet of guardian spirit
 J - a ring of protection from fire (right hand)
 Y - an amulet of magic regeneration (around neck)
Wands
 m - a wand of flame (20)
 H - a wand of paralysis (13)
 L - a wand of light (10)
 N - a wand of polymorph (9)
 X - a wand of iceblast (6)
Scrolls
 a - 2 scrolls of immolation {unknown}
 c - 9 scrolls of identify {unknown}
 e - 4 scrolls of vulnerability {unknown}
 k - 6 scrolls of noise {unknown}
 o - 6 scrolls of teleportation {unknown}
 p - 6 scrolls of blinking {unknown}
 t - 2 scrolls of fog {unknown}
 B - a scroll of silence {unknown}
 I - 3 scrolls of summoning {unknown}
 K - 2 scrolls of fear {unknown}
 M - a scroll of poison {unknown}
 O - 6 scrolls of enchant armour
 R - a scroll of amnesia {unknown}
Potions
 b - 2 potions of might {unknown}
 d - 3 potions of magic
 f - 3 potions of heal wounds {unknown}
 l - 5 potions of mutation {unknown}
 n - 2 potions of haste {unknown}
 q - 4 potions of curing
 r - a potion of degeneration
 u - 2 potions of invisibility {unknown}
 v - 5 potions of enlightenment {unknown}
 x - 5 potions of attraction {unknown}
 z - 2 potions of berserk rage {unknown}
 A - 3 potions of lignification {unknown}
 D - 2 potions of resistance {unknown}
 E - 3 potions of cancellation {unknown}
 F - a potion of ambrosia {unknown}
Miscellaneous
 P - a lightning rod (4/4)


   Skills:
 + Level 4.7 Fighting
 - Level 5.0 Armour
 - Level 3.2 Dodging
 - Level 3.0 Stealth
 - Level 6.0 Shields
 * Level 20.2 Spellcasting
 + Level 12.2 Conjurations
 - Level 1.1 Summonings
 - Level 1.1 Translocations
 - Level 1.0 Air Magic
 + Level 4.2 Earth Magic
 - Level 1.0 Poison Magic
 - Level 1.0 Evocations


You had 39 spell levels left.
You knew the following spells:

 Your Spells              Type           Power      Damage    Failure   Level
a - Magic Dart            Conj           100%       1d8       0%          1
b - Mephitic Cloud        Conj/Pois/Air  49%        N/A       1%          3
c - Call Imp              Summ           60%        N/A       3%          2
d - Blink                 Tloc           60%        N/A       3%          2
e - Poisonous Vapours     Pois/Air       60%        N/A       1%          2
f - Stone Arrow           Conj/Erth      100%       3d13      1%          3

Your spell library contained the following spells:

 Spells                   Type           Power      Damage    Failure   Level
 Hailstorm                Conj/Ice       54%        3d12      1%          3
 Apportation              Tloc           60%        N/A       1%          1
 Necrotise                Necr           100%       1d9       3%          1
 Slow                     Hex            100%       N/A       3%          1
 Cigotuvi's Dreadful Rot  Necr/Pois/Air  56%        N/A       3%          2
 Ensorcelled Hibernation  Hex/Ice        50%        N/A       4%          2
 Jinxbite                 Hex            50%        N/A       4%          2
 Ozocubu's Armour         Ice            25%        N/A       10%         3
 Vampiric Draining        Necr           25%        2d7       10%         3
 Summon Ice Beast         Ice/Summ       28%        N/A       24%         4
 Anguish                  Hex/Necr       12%        N/A       30%         4
 Summon Forest            Summ/Tloc      15%        N/A       50%         5
 Alistair's Intoxication  Tmut/Pois      18%        N/A       56%         5
 Agony                    Necr           25%        N/A       65%         5
 Metabolic Englaciation   Hex/Ice        12%        N/A       65%         5
 Eringya's Noxious Bog    Tmut/Pois      13%        4d6       65%         6
 Simulacrum               Ice/Necr       12%        N/A       99%         6
 Ozocubu's Refrigeration  Ice            12%        4d10      99%         7
 Summon Hydra             Summ           15%        N/A       100%        7
 Polar Vortex             Ice            12%        12d1*     100%        9


Dungeon Overview and Level Annotations

Branches:
Dungeon (14/15)            Temple (1/1) D:7            Lair (0/5) D:9
    Orc (0/2) D:12         Vaults (0/5) D:13          Sewer (visited)
 Bailey (visited)

Altars:
Ashenzari
Cheibriados
Dithmenos
Elyvilon
Fedhas
Gozag
Hepliaklqana
Kikubaaqudgha
Makhleb
Nemelex Xobeh
Okawaru
Qazlal
Ru
Sif Muna
Trog
Uskayaw
Vehumet
Wu Jian
Xom
Yredelemnul
Zin
The Shining One

Shops:
D:3 ([(:!   D:8 (?=   D:9 (

Annotations:
D:13 Ice Dragon


Message History

The stone arrow hits the entropy weaver!
The entropy weaver is almost dead.
The ice dragon roars deafeningly!
You hear a shout!
The entropy weaver hits you!
The entropy weaver completely misses you.
The entropy weaver hits you but does no damage.
The entropy weaver barely misses you. The entropy weaver misses you.
You block the entropy weaver's attack. The entropy weaver hits you.
* * * LOW HITPOINT WARNING * * *
The entropy weaver misses you.
Casting: Stone Arrow (safe; 1% risk of failure)
Confirm with . or Enter, or press ? or * to list all spells.
Aiming: Stone Arrow (safe; 1% risk of failure)
Press: ? - help, Shift-Dir - straight line, f/p - entropy weaver
Aim: an entropy weaver (almost dead, 69% to hit)
The stone arrow hits the entropy weaver!!
You kill the entropy weaver!
Vehumet accepts your kill.
You feel your power returning. The ice dragon breathes frost at you.
The blast of cold hits you! You resist.
* * * LOW HITPOINT WARNING * * *
Unknown command.
There is an open door here.
The ice dragon breathes frost at you. The blast of cold misses you.
You close the door.
A cyclops comes into view.
The cyclops shouts!
Casting: Stone Arrow (safe; 1% risk of failure)
Confirm with . or Enter, or press ? or * to list all spells.
Aiming: Mephitic Cloud (safe; 1% risk of failure)
Press: ? - help, Shift-Dir - straight line, f - cyclops
Aim: a cyclops, quivering large rocks (chance to affect: 58%)
The ball explodes into a vile cloud!
The stinking cloud engulfs the cyclops but does no damage.
The stinking cloud engulfs you but does no damage.
The cyclops is engulfed in noxious fumes.
The cyclops appears confused.
The cyclops hits you!
You die...

.........##........#
...##...##........######
#...##.###.###.........#
#....#.# #.# #.##.####.#
#......# #.# #.##.## #.#
...#...###.# #.....###.#
##.#....##.###.........#
...#...D.#....§C§..#####
..........######@#.#
.........>.####....#
...........+.......#
##.........####...##
##.......## ##..#
##.....## ##.# # ##...##
#^# # ##'## #.# # #.#
#.#


You could see a cyclops (confused).

Vanquished Creatures
  Gastronok (D:9)
  Frances (D:13)
  An entropy weaver (shapeshifter) (D:13)
  A hydra (D:11)
  3 centaur warriors (D:13)
  2 boulder beetles (D:13)
  2 dancing weapons (D:13)
  3 two-headed ogres
  Urug (D:10)
  5 skeletal warriors (D:12)
  A wizard (D:14)
  A deep elf pyromancer (D:12)
  5 cyclopes
  3 manticores (D:13)
  4 ugly things
  2 gargoyles
  A komodo dragon (D:12)
  A freezing wraith (D:13)
  A komodo dragon (shapeshifter) (D:13)
  5 trolls
  A meliai (shapeshifter) (D:13)
  Prince Ribbit (D:7)
  3 meliai (D:13)
  2 dream sheep (D:10)
  2 wyverns
  3 wraiths
  10 yaks
  3 shadows
  A basilisk (D:12)
  A steam dragon (D:6)
  9 vampire mosquitoes
  Menkaure (D:4)
  An acid dragon (D:13)
  2 black bears
  16 orc warriors
  A sky beast (D:7)
  An ogre (D:6)
  16 centaurs
  8 kobold brigands
  3 bullfrogs
  A killer bee (D:8)
  6 howler monkeys
  3 gnoll boudas
  4 jellies
  3 hounds
  2 orc priests
  4 sleepcaps
  Jessica (D:2)
  2 iguanas
  2 orc wizards (D:6)
  Robin (D:2)
  8 gnolls
  11 adders
  4 river rats (Sewer)
  A shadow imp (D:8)
  A white imp (D:7)
  An ufetubus (D:3)
  A worm (D:6)
  3 dart slugs
  53 orcs
  6 endoplasms
  4 giant cockroaches
  14 goblins
  14 hobgoblins
  24 kobolds
  2 quokkas (D:1)
  10 ball pythons
  10 bats
  3 frilled lizards
  5 rats
  A spectral weapon (D:11)
334 creatures vanquished.

Vanquished Creatures (others)
  A spectral weapon (D:10)
1 creature vanquished.

Grand Total: 335 creatures vanquished

Notes
Turn   | Place    | Note
-------+----------+-------------------------------------------
     0 | D:1      | pokeman the Deep Elf Hedge Wizard began the quest for the
                  | Orb.
     0 | D:1      | Reached XP level 1. HP: 10/10 MP: 7/7
   262 | D:1      | Reached XP level 2. HP: 16/16 MP: 5/9
   398 | D:1      | Reached skill level 5 in Spellcasting
   571 | D:1      | Reached XP level 3. HP: 20/20 MP: 6/11
   575 | D:1      | Learned a level 3 spell: Mephitic Cloud
   578 | D:1      | Learned a level 2 spell: Call Imp
   581 | D:1      | Learned a level 2 spell: Blink
  1468 | D:2      | Reached skill level 1 in Fighting
  1475 | D:2      | Noticed Robin
  1577 | D:2      | Reached skill level 1 in Armour
  1668 | D:2      | Reached XP level 4. HP: 20/25 MP: 8/13
  1720 | D:2      | Noticed Jessica
  1725 | D:2      | Killed Jessica
  1850 | D:2      | Killed Robin
  2337 | D:3      | Found Daefoynt's Distillery.
  2345 | D:3      | Reached skill level 6 in Spellcasting
  2347 | D:3      | Reached XP level 5. HP: 29/29 MP: 1/15
  2444 | D:3      | Bought a potion of curing for 30 gold pieces
  2444 | D:3      | Bought a potion of degeneration for 10 gold pieces
  2555 | D:3      | Found Luoggai's Weapon Boutique.
  2616 | D:3      | Found Wylixt's Book Boutique.
  2677 | D:3      | Found Vytoemu's Antique Armour Boutique.
  2732 | D:3      | Found Egooniun's Antique Weapon Emporium.
  3337 | D:4      | You fall into a shaft and drop 1 floor!
  3337 | D:5      | Entered Level 5 of the Dungeon
  3337 | D:5      | Found a glowing golden altar of the Shining One.
  3356 | D:5      | Found a glowing silver altar of Zin.
  3361 | D:5      | Found an ancient bone altar of Kikubaaqudgha.
  3369 | D:5      | Found a stormy altar of Qazlal.
  3403 | D:5      | Noticed a centaur
  3417 | D:5      | Killed a centaur
  3418 | D:5      | Reached skill level 1 in Shields
  3418 | D:5      | Reached XP level 6. HP: 33/34 MP: 10/17
  3441 | D:5      | Found a white marble altar of Elyvilon.
  3448 | D:5      | Found a bloodstained altar of Trog.
  3453 | D:5      | Found a hazy altar of Hepliaklqana.
  3595 | D:5      | Reached skill level 7 in Spellcasting
  3769 | D:4      | Reached skill level 1 in Air Magic
  3769 | D:4      | Reached skill level 1 in Poison Magic
  3769 | D:4      | Reached skill level 1 in Evocations
  4143 | D:4      | Noticed Menkaure
  4148 | D:4      | Killed Menkaure
  4149 | D:4      | Reached XP level 7. HP: 23/38 MP: 14/20
  4412 | D:5      | Reached skill level 8 in Spellcasting
  5074 | D:6      | Found a glowing drain.
  5099 | Sewer    | Entered a sewer
  5162 | Sewer    | Reached skill level 9 in Spellcasting
  5186 | Sewer    | Reached XP level 8. HP: 42/44 MP: 12/23
  5326 | Sewer    | Reached skill level 5 in Conjurations
  5629 | Sewer    | Reached skill level 10 in Spellcasting
  6591 | D:6      | Found an opulent altar of Gozag.
  6886 | D:7      | Reached skill level 11 in Spellcasting
  7024 | D:7      | Found a staircase to the Ecumenical Temple.
  7029 | D:7      | Noticed Prince Ribbit
  7033 | Temple   | Entered the Ecumenical Temple
  7047 | Temple   | Became a worshipper of Vehumet
  7080 | D:7      | Reached XP level 9. HP: 44/48 MP: 20/26
  7093 | D:7      | Killed Prince Ribbit
  7495 | D:7      | Reached skill level 12 in Spellcasting
  7741 | D:8      | Found a shimmering altar of Xom.
  7942 | D:8      | Found a sparkling altar of Nemelex Xobeh.
  7995 | D:8      | Found an ornate altar of the Wu Jian Council.
  8002 | D:8      | Reached * piety under Vehumet
  8002 | D:8      | Offered knowledge of Shock by Vehumet.
  8097 | D:8      | Found a snail-covered altar of Cheibriados.
  8117 | D:8      | Found Ytang's Weapon Shoppe.
  8117 | D:8      | Found Liazihie's Magic Scroll Shoppe.
  8119 | D:8      | Found Zug Otz's Jewellery Shoppe.
  8183 | D:8      | Reached skill level 13 in Spellcasting
  8609 | D:9      | Found a flagged portal.
  8632 | D:9      | HP: 1/49 [something (23)]
  8668 | Bailey   | Entered a bailey
  8934 | Bailey   | Reached XP level 10. HP: 55/56 MP: 19/29
  9128 | Bailey   | Reached ** piety under Vehumet
  9169 | Bailey   | Offered knowledge of Poisonous Vapours by Vehumet.
  9170 | Bailey   | Reached skill level 14 in Spellcasting
  9579 | Bailey   | Got a strange book
  9905 | D:9      | Noticed Gastronok
  9917 | D:9      | Learned a level 2 spell: Poisonous Vapours
 10094 | D:9      | Found a staircase to the Lair.
 10111 | D:9      | Killed Gastronok
 10112 | D:9      | Reached skill level 15 in Spellcasting
 10456 | D:9      | Offered knowledge of Static Discharge by Vehumet.
 10579 | D:9      | Found Pakhliop's Weapon Boutique.
 10985 | D:10     | Entered Level 10 of the Dungeon
 11185 | D:10     | Noticed Urug
 11235 | D:10     | Killed Urug
 11236 | D:10     | Reached XP level 11. HP: 31/61 MP: 4/32
 11456 | D:10     | Reached *** piety under Vehumet
 11760 | D:10     | Found a blossoming altar of Fedhas.
 12033 | D:11     | Reached skill level 16 in Spellcasting
 12056 | D:11     | Noticed a seven-headed hydra
 12142 | D:10     | Upgraded the game from 0.31-a0-854-g362426d53f to
                  | 0.31-a0-859-g9dce7d3444
 12894 | D:12     | Noticed a deep elf pyromancer
 12907 | D:12     | Noticed a two-headed ogre
 13288 | D:12     | Reached skill level 5 in Armour
 13310 | D:12     | Offered knowledge of Stone Arrow by Vehumet.
 13315 | D:12     | Learned a level 3 spell: Stone Arrow
 13901 | D:11     | Killed a seven-headed hydra
 13902 | D:11     | Reached skill level 10 in Conjurations
 14339 | D:12     | Killed a deep elf pyromancer
 14340 | D:12     | Reached skill level 17 in Spellcasting
 14390 | D:12     | Found a staircase to the Orcish Mines.
 14599 | D:12     | Noticed a skeletal warrior
 14616 | D:12     | Killed a skeletal warrior
 14732 | D:12     | Killed a two-headed ogre
 14770 | D:12     | Noticed a skeletal warrior
 14787 | D:12     | Killed a skeletal warrior
 14864 | D:12     | Noticed a skeletal warrior
 14885 | D:12     | Noticed a skeletal warrior
 14901 | D:12     | Killed a skeletal warrior
 15067 | D:12     | Noticed a green ugly thing
 15072 | D:12     | Killed a green ugly thing
 15201 | D:12     | Noticed a skeletal warrior
 15229 | D:12     | Killed a skeletal warrior
 15230 | D:12     | Reached XP level 12. HP: 13/66 MP: 8/35
 15525 | D:12     | Reached skill level 18 in Spellcasting
 15890 | D:13     | Noticed a centaur warrior
 15896 | D:13     | Killed a centaur warrior
 15897 | D:13     | Reached skill level 5 in Shields
 15897 | D:13     | Reached **** piety under Vehumet
 16104 | D:13     | Noticed a boulder beetle
 16121 | D:13     | Killed a boulder beetle
 16251 | D:13     | Offered knowledge of Hailstorm by Vehumet.
 16252 | D:13     | Reached skill level 19 in Spellcasting
 16256 | D:13     | Noticed Frances
 16313 | D:13     | Killed Frances
 16314 | D:13     | Reached skill level 1 in Earth Magic
 16469 | D:13     | Noticed a centaur warrior
 16471 | D:13     | Noticed a centaur warrior
 16487 | D:13     | Killed a centaur warrior
 16492 | D:13     | Killed a centaur warrior
 16585 | D:13     | Identified the +0 leather armour of Objectivity {rPois rC+
                  | rN+ Str+3}
 16620 | D:13     | Found a gate to the Vaults.
 17067 | D:13     | Noticed a two-headed ogre
 17081 | D:13     | Killed a two-headed ogre
 17082 | D:13     | Reached XP level 13. HP: 70/70 MP: 29/38
 17540 | D:13     | Reached skill level 20 in Spellcasting
 18086 | D:13     | Mangled by a cyclops

Illustrated notes

Levels and vault maps discovered:
D:1:      minmay_arrival_three_doors, layout_basic
D:2:      layout_rooms, uniq_robin, uniq_jessica
D:3:      layout_rooms, serial_shops, shop, nicolae_shop_industrial_runoff,
          shop, nicolae_shop_crystal, nicolae_shop_bloodbath_and_beyond,
          minmay_misc_feat_chi
D:4:      layout_basic, uniq_menkaure
D:5:      layout_basic, grunt_temple_overflow_octagram, serial_park_tiny_1
D:6:      layout_gridville, kennysheep_little_box, cheibrodos_sewer_entry_bend
D:7:      layout_rooms, minmay_temple_entry_statues_fountains,
          uniq_prince_ribbit1
D:8:      layout_basic, mainiacjoe_overflow_catch_the_wave,
          nicolae_shop_distant_corner_stores, hangedman_feature_mirror
D:9:      layout_layer_cave, dpeg_oklobed_lair, enter_bailey_5, serial_shops,
          nicolae_shop_behind_doors, uniq_gastronok
D:10:     layout_rooms, mainiacjoe_overflow_cross_hatched,
          dreamdust_gnoll_shepherd, uniq_urug
D:11:     layout_basic
D:12:     layout_basic, david_orc_2
D:13:     hangedman_cross_stitches, layout_loops_corners, erik_vaults_1,
          st_stairs_2, uniq_frances
D:14:     layout_loops_ring, lemuel_crystal_altar
Temple:   bh_familiar_temple

Skill      XL: |  1  2  3  4  5  6  7  8  9 10 11 12 13 |
---------------+----------------------------------------+-----
Spellcasting   | 5 6 7 9 11 13 15 17 19 20 | 20.2
Fighting       | 1 2 3 4 |  4.7
Conjurations   | 2 3 4 6 7 9 10 12 | 12.2
Armour         | 1 2 3 4 5 |  5.0
Dodging        | 3 |  3.2
Stealth        | 3 |  3.0
Shields        | 1 3 4 6 |  6.0
Air Magic      | 1 |  1.0
Poison Magic   | 1 |  1.0
Evocations     | 1 |  1.0
Earth Magic    | 3 4 |  4.2
Summonings     | |  1.1
Translocations | |  1.1

Action                     |  1- 3 |  4- 6 |  7- 9 | 10-12 | 13-15 || total
---------------------------+-------+-------+-------+-------+-------++-------
  Melee: Dagger            |    16 |       |       |       |       ||    16
         Club              |       |    58 |   223 |   139 |       ||   420
         Punch             |       |       |     4 |     3 |       ||     7
   Cast: Magic Dart        |   103 |    98 |   247 |   102 |     1 ||   551
         Mephitic Cloud    |     1 |     8 |    48 |    67 |     4 ||   128
         Blink             |       |     1 |     3 |     7 |     1 ||    12
         Call Imp          |       |     1 |     5 |    10 |     1 ||    17
         Poisonous Vapours |       |       |       |    85 |     3 ||    88
         Stone Arrow       |       |       |       |   147 |    47 ||   194
  Evoke: Wand              |       |       |     7 |     7 |       ||    14
   Stab: Sleeping          |     1 |       |       |       |       ||     1
         Distracted        |       |     2 |     1 |     1 |       ||     4
         Confused          |       |     5 |    31 |    16 |       ||    52
 Armour: Robe              |    15 |    32 |    89 |    40 |       ||   176
         Troll leather arm |       |       |       |    72 |       ||    72
         Leather armour    |       |       |       |     3 |    20 ||    23
  Dodge: Dodged            |    22 |    83 |   194 |   198 |    18 ||   515
         Repelled          |       |       |       |     2 |     1 ||     3
  Block: Buckler           |       |       |       |     1 |     3 ||     4

Table legend: (Time is in decaauts)
 A = Elapsed time spent in this place.
 B = Non-inter-level travel time spent in this place.
 C = Inter-level travel time spent in this place.
 D = Time resting spent in this place.
 E = Time spent auto-exploring this place.
 F = Levels seen in this place.
 G = Mean time per level.
                   A        B        C        D        E       F      G
               +--------+--------+--------+--------+--------+-----+--------+
         Total |  18406 |  17456 |    950 |   1331 |  12135 |  17 | 1082.7 |
       Dungeon |  16218 |  15293 |    925 |   1248 |  10773 |  14 | 1158.4 |
        Temple |     27 |      2 |     25 |      0 |      0 |   1 |   27.0 |
         Sewer |   1047 |   1047 |      0 |      0 |    781 |   1 | 1047.0 |
        Bailey |   1113 |   1113 |      0 |     83 |    581 |   1 | 1113.0 |
               +--------+--------+--------+--------+--------+-----+--------+

Top non-repeatable levels by time:
    D:12: 2143 daAuts
    D:13: 2130 daAuts
    D:11: 1708 daAuts
     D:1: 1515 daAuts
     D:9: 1375 daAuts
     D:6: 1115 daAuts
  Bailey: 1113 daAuts
    D:10: 1072 daAuts
   Sewer: 1047 daAuts
     D:5: 994 daAuts
     D:4: 970 daAuts
     D:7: 869 daAuts
     D:8: 790 daAuts
     D:2: 761 daAuts
     D:3: 686 daAuts
